BSA
TORONTO TITANS @ ST CHARLES SHEENS
03/15/2024
 
TOP OF THE 1ST
Toronto Titans batting - Pitching for St Charles Sheens : LHP Francisco Moreno
Pitching: LHP Francisco Moreno
Batting: SHB Ryobe Yamamoto 0-0: Called Strike
0-1: Foul Ball, location: 2F
0-2: Fly out, F8 (Flyball, 8LM)
Batting: LHB José Rodríguez 0-0: SOLO HOME RUN (Flyball, 9D), Distance : 376 ft
Batting: LHB Kent MacDulothe 0-0: Ball
1-0: Swinging Strike
1-1: Ball
2-1: Swinging Strike
2-2: SINGLE (Flyball, 8LS)
Batting: RHB Matt Doyle 0-0: Ball
1-0: Ball
2-0: Ball
3-0: Called Strike
3-1: Foul Ball, location: 2F
3-2: Strikes out looking
Kent MacDulothe steals 2nd base
Batter strikes out.
Batting: RHB Manuel González 0-0: Foul Ball, location: 2F
0-1: Ball
1-1: Foul Ball, location: 2F
1-2: Ball
2-2: Ball
3-2: Base on Balls
Batting: LHB Jorge Martínez 0-0: Ball
1-0: Foul Ball, location: 2F
1-1: Foul Ball, location: 2F
1-2: Fly out, F6 (Popup, 56)
Top of the 1st over - 1 run(s), 2 hit(s), 0 error(s), 2 left on base; Toronto 1 - St Charles 0
BOTTOM OF THE 1ST
St Charles Sheens batting - Pitching for Toronto Titans : RHP Arturo Medrano
Pitching: RHP Arturo Medrano
Batting: LHB Marcos Cantú 0-0: Fly out, F8 (Flyball, 8RD)
Batting: RHB Daniel Robert 0-0: Ball
1-0: Foul Ball, location: 2F
1-1: Fly out, F2 (Popup, 2RF)
Batting: RHB Howard Lane 0-0: Ball
1-0: Foul Ball, location: 2F
1-1: Ball
2-1: Called Strike
2-2: Foul Ball, location: 2F
2-2: Foul Ball, location: 2F
2-2: Foul Ball, location: 2F
2-2: Strikes out looking
Bottom of the 1st over - 0 run(s), 0 hit(s), 0 error(s), 0 left on base; Toronto 1 - St Charles 0
TOP OF THE 2ND
Toronto Titans batting - Pitching for St Charles Sheens : LHP Francisco Moreno
Batting: LHB Lewis Barr 0-0: Ground out 6-3 (Groundball, 6)
Batting: RHB Jeff Packard 0-0: Called Strike
0-1: Ball
1-1: Foul Ball, location: 2F
1-2: SINGLE (Line Drive, 78S)
Batting: RHB Mitsuoki Taguchi 0-0: Called Strike
0-1: Ground out 5-3 (Groundball, 56S)
Jeff Packard to second
Batting: SHB Ryobe Yamamoto 0-0: Ball
1-0: Called Strike
1-1: Fly out, F3 (Line Drive, 3)
Top of the 2nd over - 0 run(s), 1 hit(s), 0 error(s), 1 left on base; Toronto 1 - St Charles 0
BOTTOM OF THE 2ND
St Charles Sheens batting - Pitching for Toronto Titans : RHP Arturo Medrano
Batting: LHB Gene Cooper 0-0: Ball
1-0: Ball
2-0: Ground out 4-3 (Groundball, 4MS)
Batting: RHB Kel Pierce 0-0: Ball
1-0: Swinging Strike
1-1: Ball
2-1: Ball
3-1: Swinging Strike
3-2: Ground out 6-3 (Groundball, 6M)
Batting: RHB Júlio Figueroa 0-0: Foul Ball, location: 2F
0-1: Ball
1-1: Called Strike
1-2: Ball
2-2: Foul Ball, location: 2F
2-2: Ball
3-2: Strikes out swinging
Bottom of the 2nd over - 0 run(s), 0 hit(s), 0 error(s), 0 left on base; Toronto 1 - St Charles 0
TOP OF THE 3RD
Toronto Titans batting - Pitching for St Charles Sheens : LHP Francisco Moreno
Batting: LHB José Rodríguez 0-0: Ball
1-0: Ball
2-0: Called Strike
2-1: Ball
Reached via error on a dropped throw, E1
Batting: LHB Kent MacDulothe 0-0: Ball
1-0: Ball
2-0: Called Strike
2-1: Grounds into double play, 6-4-3 (Groundball, 6M)
Batting: RHB Matt Doyle 0-0: Ball
1-0: Foul Ball, location: 2F
1-1: Ball
2-1: Ball
3-1: Called Strike
3-2: Foul Ball, location: 2F
3-2: Foul Ball, location: 2F
3-2: Base on Balls
Batting: RHB Manuel González 0-0: Called Strike
0-1: Hit by Pitch
Matt Doyle to second
Batting: LHB Jorge Martínez 0-0: Called Strike
0-1: Ball
Wild Pitch!
Matt Doyle to third
Manuel González to second
1-1: Foul Ball, location: 2F
1-2: Foul Ball, location: 2F
1-2: Foul Ball, location: 2F
1-2: Ball
2-2: SINGLE (Line Drive, 34)
Matt Doyle scores
Manuel González to third
Batting: LHB Lewis Barr 0-0: Called Strike
0-1: Ball
1-1: Foul Ball, location: 2F
1-2: SINGLE (Line Drive, 6D)
Manuel González scores
Jorge Martínez to second
Batting: RHB Jeff Packard 0-0: Called Strike
0-1: Ball
1-1: 3-RUN HOME RUN (Flyball, 8LXD), Distance : 434 ft
Batting: RHB Mitsuoki Taguchi 0-0: Ball
1-0: SINGLE (Groundball, 4MD)
Batting: SHB Ryobe Yamamoto 0-0: Called Strike
Mitsuoki Taguchi is caught stealing 2nd base
Top of the 3rd over - 5 run(s), 4 hit(s), 1 error(s), 0 left on base; Toronto 6 - St Charles 0
BOTTOM OF THE 3RD
St Charles Sheens batting - Pitching for Toronto Titans : RHP Arturo Medrano
Batting: RHB Dan Tyler 0-0: Called Strike
0-1: Ball
1-1: Fly out, F9 (Flyball, 89S)
Batting: LHB Katsumi Morishita 0-0: Swinging Strike
0-1: Foul Ball, location: 2F
0-2: Strikes out looking
Batting: SHB Richard Bowman 0-0: Called Strike
0-1: Ground out U3 (Groundball, 3S)
Bottom of the 3rd over - 0 run(s), 0 hit(s), 0 error(s), 0 left on base; Toronto 6 - St Charles 0
TOP OF THE 4TH
Toronto Titans batting - Pitching for St Charles Sheens : LHP Francisco Moreno
Batting: SHB Ryobe Yamamoto 0-0: Called Strike
0-1: Fly out, F9 (Flyball, 89D)
Batting: LHB José Rodríguez 0-0: Ground out 3-1 (Groundball, 34)
Batting: LHB Kent MacDulothe 0-0: Called Strike
0-1: Foul Ball, location: 2F
0-2: Ball
1-2: Ball
2-2: Fly out, F8 (Flyball, 8RD)
Top of the 4th over - 0 run(s), 0 hit(s), 0 error(s), 0 left on base; Toronto 6 - St Charles 0
BOTTOM OF THE 4TH
St Charles Sheens batting - Pitching for Toronto Titans : RHP Arturo Medrano
Batting: LHB Marcos Cantú 0-0: Called Strike
0-1: Ground out 1-6-3 (Groundball, 15S)
Batting: RHB Daniel Robert 0-0: Ball
1-0: Ground out 5-3 (Groundball, 15S)
Batting: RHB Howard Lane 0-0: Swinging Strike
0-1: Ball
1-1: Swinging Strike
1-2: Foul Ball, location: 2F
1-2: Strikes out swinging
Bottom of the 4th over - 0 run(s), 0 hit(s), 0 error(s), 0 left on base; Toronto 6 - St Charles 0
TOP OF THE 5TH
Toronto Titans batting - Pitching for St Charles Sheens : LHP Francisco Moreno
Pitching: RHP Sang-joon Pak
Batting: RHB Matt Doyle 0-0: Called Strike
0-1: Foul Ball, location: 2F
0-2: Strikes out swinging
Batting: RHB Manuel González 0-0: Called Strike
0-1: SINGLE (Line Drive, 78M)
Batting: LHB Jorge Martínez 0-0: Ball
1-0: 2-RUN HOME RUN (Flyball, 89XD), Distance : 417 ft
Batting: LHB Lewis Barr 0-0: Called Strike
0-1: SINGLE (Groundball, 4MD)
Batting: RHB Jeff Packard 0-0: DOUBLE (Flyball, 78D)
Lewis Barr to third
Batting: RHB Mitsuoki Taguchi 0-0: Called Strike
0-1: Ball
1-1: Fly out, F3 (Popup, 3DF)
Pinch Hitting: RHB Gilberto López 0-0: Ground out 1-3 (Groundball, 23)
Top of the 5th over - 2 run(s), 4 hit(s), 0 error(s), 2 left on base; Toronto 8 - St Charles 0
BOTTOM OF THE 5TH
St Charles Sheens batting - Pitching for Toronto Titans : RHP Arturo Medrano
Pitching: RHP Pablo Cabral
Now at 2B: Alberto Velásquez
Batting: LHB Gene Cooper 0-0: Ball
1-0: Ball
2-0: Foul Ball, location: 2F
2-1: Ball
3-1: Base on Balls
Batting: RHB Kel Pierce 0-0: Called Strike
0-1: Foul Ball, location: 2F
0-2: Strikes out swinging
Batting: RHB Júlio Figueroa 0-0: Ball
1-0: Fly out, F1 (Line Drive, 15)
Batting: RHB Dan Tyler 0-0: Called Strike
0-1: Swinging Strike
0-2: Ball
1-2: SINGLE (Groundball, 15S) (infield hit)
Gene Cooper to second
Batting: LHB Katsumi Morishita 0-0: Called Strike
0-1: Swinging Strike
0-2: Ball
1-2: Strikes out looking
Bottom of the 5th over - 0 run(s), 1 hit(s), 0 error(s), 2 left on base; Toronto 8 - St Charles 0
TOP OF THE 6TH
Toronto Titans batting - Pitching for St Charles Sheens : RHP Sang-joon Pak
Pinch Hitting: RHB David Murray 0-0: Ball
1-0: Foul Ball, location: 2F
1-1: Fly out, F8 (Popup, 8LS)
Batting: LHB Kent MacDulothe 0-0: Ball
1-0: Ball
2-0: Ball
3-0: Base on Balls
Batting: LHB Anacleto Morillo 0-0: Ball
1-0: Foul Ball, location: 2F
1-1: Ball
2-1: Fly out, F8 (Line Drive, 8LD)
Batting: RHB Manuel González 0-0: Called Strike
Kent MacDulothe steals 2nd base
0-1: Ball
1-1: Called Strike
1-2: Fly out, F9 (Flyball, 89M)
Top of the 6th over - 0 run(s), 0 hit(s), 0 error(s), 1 left on base; Toronto 8 - St Charles 0
BOTTOM OF THE 6TH
St Charles Sheens batting - Pitching for Toronto Titans : RHP Pablo Cabral
Pitching: LHP Roberto Vázquez
Now in CF: David Murray
Batting: SHB Richard Bowman 0-0: SINGLE (Line Drive, 6M)
Batting: LHB Marcos Cantú 0-0: Foul Ball, location: 2F
0-1: Foul Ball, location: 2F
0-2: Ball
1-2: Fielders Choice at 2nd, 1-6 (Groundball, 15)
Batting: RHB Daniel Robert 0-0: Called Strike
0-1: Ball
1-1: Called Strike
Marcos Cantú is caught stealing 2nd base
1-2: Strikes out swinging
Bottom of the 6th over - 0 run(s), 1 hit(s), 0 error(s), 0 left on base; Toronto 8 - St Charles 0
TOP OF THE 7TH
Toronto Titans batting - Pitching for St Charles Sheens : RHP Sang-joon Pak
Pitching: LHP Ben Moody
Batting: LHB Jorge Martínez 0-0: Called Strike
0-1: SOLO HOME RUN (Flyball, 8LXD), Distance : 436 ft
Batting: LHB Lewis Barr 0-0: Fly out, F7 (Flyball, 78S)
Batting: RHB Jeff Packard 0-0: Ground out 5-3 (Groundball, 5L)
Batting: RHB Mitsuoki Taguchi 0-0: Ball
1-0: Foul Ball, location: 2F
1-1: Ground out 4-3 (Groundball, 34)
Top of the 7th over - 1 run(s), 1 hit(s), 0 error(s), 0 left on base; Toronto 9 - St Charles 0
BOTTOM OF THE 7TH
St Charles Sheens batting - Pitching for Toronto Titans : LHP Roberto Vázquez
Batting: RHB Howard Lane 0-0: Called Strike
0-1: Called Strike
0-2: SINGLE (Groundball, 34D)
Batting: LHB Gene Cooper 0-0: Ball
1-0: Ball
2-0: Ball
3-0: Called Strike
3-1: Foul Ball, location: 2F
3-2: Foul Ball, location: 2F
3-2: Foul Ball, location: 2F
3-2: Base on Balls
Howard Lane to second
Pitching: RHP Ross Holley
Batting: RHB Kel Pierce 0-0: Ball
1-0: Called Strike
1-1: Ball
2-1: Ball
3-1: Foul Ball, location: 2F
3-2: Base on Balls
Howard Lane to third
Gene Cooper to second
Batting: RHB Júlio Figueroa 0-0: Called Strike
0-1: Ball
1-1: Reached on error, E5 (Groundball, 5)
Howard Lane scores
Gene Cooper to third
Kel Pierce to second
Batting: RHB Dan Tyler 0-0: Foul Ball, location: 2F
0-1: Ball
1-1: Grounds into double play, 4-6-3 (Groundball, 4)
Gene Cooper scores
Kel Pierce to third
Batting: LHB Katsumi Morishita 0-0: Ball
1-0: Called Strike
1-1: SINGLE (Groundball, 34D)
Kel Pierce scores
Batting: SHB Richard Bowman 0-0: Ball
1-0: SINGLE (Groundball, 4MD)
Katsumi Morishita to second
Runner from 2nd tries for 3rd, SAFE, no throw or cutoff
Batting: LHB Marcos Cantú 0-0: Swinging Strike
0-1: Ball
1-1: Ground out 1-3 (Groundball, 15)
Bottom of the 7th over - 3 run(s), 3 hit(s), 1 error(s), 2 left on base; Toronto 9 - St Charles 3
TOP OF THE 8TH
Toronto Titans batting - Pitching for St Charles Sheens : LHP Ben Moody
Batting: RHB Alberto Velásquez 0-0: Ball
1-0: Foul Ball, location: 2F
1-1: Called Strike
1-2: Strikes out swinging
Batting: RHB David Murray 0-0: Fly out, F4 (Line Drive, 4D)
Batting: LHB Kent MacDulothe 0-0: Called Strike
0-1: Called Strike
0-2: Strikes out swinging
Top of the 8th over - 0 run(s), 0 hit(s), 0 error(s), 0 left on base; Toronto 9 - St Charles 3
BOTTOM OF THE 8TH
St Charles Sheens batting - Pitching for Toronto Titans : RHP Ross Holley
Pitching: RHP David Lester
Pinch Hitting: RHB Judson Backstrom 0-0: Ground out U3 (Groundball, 3S)
Pinch Hitting: LHB Jeff Carter 0-0: Called Strike
0-1: Foul Ball, location: 2F
0-2: Ball
1-2: Ball
2-2: Foul Ball, location: 2F
2-2: Ball
3-2: Foul Ball, location: 2F
3-2: Foul Ball, location: 2F
3-2: Base on Balls
Pinch Hitting: RHB Alfredo Rivera 0-0: Swinging Strike
0-1: Swinging Strike
0-2: Strikes out looking
Pinch Hitting: LHB Bob Ware 0-0: Ball
1-0: Called Strike
1-1: Ball
2-1: SINGLE (Line Drive, 8RS)
Jeff Carter to second
Batting: RHB Guo-xiu Choi 0-0: Called Strike
0-1: Ball
1-1: Foul Ball, location: 2F
1-2: SINGLE (Line Drive, 56)
Jeff Carter to third
Bob Ware to second
Runner from 3rd tries for Home, SAFE, no throw or cutoff
Pinch Hitting: RHB Júlio Hernández 0-0: Called Strike
0-1: Foul Ball, location: 2F
0-2: Ground out 4-3 (Groundball, 4)
Bottom of the 8th over - 1 run(s), 2 hit(s), 0 error(s), 2 left on base; Toronto 9 - St Charles 4
TOP OF THE 9TH
Toronto Titans batting - Pitching for St Charles Sheens : LHP Ben Moody
Pitching: LHP Malcolm Moore
Now at 1B: Judson Backstrom
Now at 2B: Jeff Carter
Now at 3B: Kyle MacGregor
Now in LF: Júlio Hernández
Now in CF: Bob Ware
Batting: LHB Anacleto Morillo 0-0: Ground out 6-3 (Groundball, 6)
Pitching: LHP Morgan McDormand
Batting: RHB Manuel González 0-0: Called Strike
0-1: Called Strike
0-2: Ball
1-2: Ball
2-2: Fly out, F7 (Flyball, 78M)
Pitching: RHP Álex Villegas
Batting: LHB Jorge Martínez 0-0: Ball
1-0: Called Strike
1-1: Ball
2-1: Ball
3-1: Base on Balls
Pitching: RHP Ulric Duval
Batting: LHB Lewis Barr 0-0: Called Strike
0-1: Swinging Strike
0-2: Ground out 4-3 (Groundball, 4)
Top of the 9th over - 0 run(s), 0 hit(s), 0 error(s), 1 left on base; Toronto 9 - St Charles 4
BOTTOM OF THE 9TH
St Charles Sheens batting - Pitching for Toronto Titans : RHP David Lester
Pinch Hitting: RHB Xavier Feliciano 0-0: SINGLE (Line Drive, 6D)
Pinch Hitting: RHB Salvador Medine 0-0: Called Strike
0-1: Fly out, F5 (Popup, 5F)
Batting: LHB Marcos Cantú 0-0: Ball
1-0: Foul Ball, location: 2F
1-1: DOUBLE (Line Drive, 78M)
Xavier Feliciano to third
Batting: RHB Judson Backstrom 0-0: Ball
1-0: Ball
2-0: Ball
3-0: Called Strike
3-1: Fly out, F9 (Line Drive, 9M)
Batting: LHB Jeff Carter 0-0: Called Strike
0-1: Ball
1-1: Ball
2-1: Foul Ball, location: 2F
2-2: Foul Ball, location: 2F
2-2: Fly out, F7 (Popup, 56D)
Bottom of the 9th over - 0 run(s), 2 hit(s), 0 error(s), 2 left on base; Toronto 9 - St Charles 4
This league is powered by Out of the Park Baseball, the baseball management simulation game for PC, Mac and Linux
Saturday, April 9th, 2016 - OOTP Baseball 16.8 Build 38